 Dungeon Crawl Stone Soup version 0.31-a0-233-g139696dc86 (webtiles) character file.

Game seed: 3725008051552318140

0 Morbidden the Covered (level 1, 0/19 HPs)
             Began as an Armataur Fighter on July 9, 2023.
             Succumbed to Sigmund's poison
             ... on level 2 of the Dungeon.
             The game lasted 00:00:42 (168 turns).

Morbidden the Covered (Armataur Fighter)             Turns: 168, Time: 00:00:43

Health: 0/19       AC:  6    Str: 21    XL:     1   Next: 8%
Magic:  1/1        EV:  7    Int:  8    God:
Gold:   18         SH:  0    Dex:  9    Spells: 0/0 levels left

rFire   . . .        a - +0 flail
rCold   . . .        c - +0 buckler
rNeg    . . .        b - +0 scale mail
rPois   .            (no helmet)
rElec   .            (no cloak)
rCorr   .            (no gloves)
SInv    .            (no barding)
Will    .....        (no amulet) Stlth
                     (no ring)
HPRegen 0.23/turn    (no ring)
MPRegen 0.07/turn

%: roll
@: confused, lethally poisoned (0 -> -12)
A: large, rugged brown scales 3, deformed body, armoured tail, roll, long
tongue, awkward tongue
a: no special abilities


You were on level 2 of the Dungeon.
You visited 1 branch of the dungeon, and saw 2 of its levels.

You collected 18 gold pieces.

Inventory:

Hand Weapons
 a - a +0 flail (weapon)
Armour
 b - a +0 scale mail (worn)
 c - a +0 buckler (worn)
Scrolls
 i - a scroll of acquirement {unknown}
 j - a scroll of noise {unknown}
Potions
 d - a potion of might
 e - a potion of haste {unknown}
 f - a potion of lignification {unknown}
 g - a potion of curing {unknown}
 h - a potion of attraction {unknown}


   Skills:
 * Level 2.6 Fighting
 * Level 1.7 Maces & Flails
 * Level 3.6 Armour
 * Level 3.3 Shields


You couldn't memorise any spells.
You didn't know any spells.
Your spell library was empty.

Dungeon Overview and Level Annotations

Branches:
Dungeon (1/15)

Altars:

Shops:
D:1 ?(

Annotations:
D:2 Sigmund


Innate Abilities, Weirdness & Mutations

You are completely covered in rugged brown scales. (AC +3, +7% HP)
Armour fits poorly on your strangely shaped body.
You have a long armoured tail.
You roll when moving toward enemies. (Rampage)
Your long tongue fully drains potion bottles. (2x potion effects)
Your tongue gives you trouble enunciating. (1.5x scroll delay)


Message History

Unknown command.
Okay, then.
You bump into the rock wall.
Unknown command.
The kobold hits you but does no damage.
Sigmund hits you from afar with a +1 scythe of venom!
You are poisoned.
You feel less confused.
You feel sick. The kobold closely misses you.
Unknown command.
The kobold attacks as you move away! The kobold hits you with a +0 dagger.
You feel sick.
Unknown command.
Unknown command.
The kobold attacks as you move away! You block the kobold's attack.
You feel sick.
The kobold throws a stone.
The stone hits you but does no damage.
You feel sick.
Unknown command.
You feel sick.
You feel sick.
You are no longer poisoned.
Unknown command.
Sigmund casts a spell at you. You resist with significant effort.
Okay, then.
Okay, then.
A ball python comes into view.
The ball python hisses angrily.
Sigmund casts a spell at you.
You are confused.
A rat comes into view.
You're too confused to move!
Sigmund hits you from afar with a +1 scythe of venom!
* * * LOW HITPOINT WARNING * * *
You are lethally poisoned!
Unknown command.
Unknown command.
Unknown command.
You die...

######.......#
#............#
#............#
#............#
#......K######
#######@#######
#........#
#........#
#....@...#
#...S........
#............
#............
#............
#.......r....
#######......
.#....


You could see Sigmund, a ball python, a kobold and a rat.

Vanquished Creatures
  A ball python (D:1)
1 creature vanquished.

Notes
Turn   | Place    | Note
-------+----------+-------------------------------------------
     0 | D:1      | Morbidden the Armataur Fighter began the quest for the Orb.
     0 | D:1      | Reached XP level 1. HP: 19/19 MP: 1/1
    34 | D:1      | Found Dedehit's Weapon Emporium.
    77 | D:1      | Found Equlib's Magic Scroll Emporium.
   100 | D:1      | You fall into a shaft and drop 1 floor!
   130 | D:2      | Noticed Sigmund
   168 | D:2      | Succumbed to Sigmund's poison

Illustrated notes

Levels and vault maps discovered:
D:1:      lightli_arrival_isolated_outpost, layout_rooms, serial_shops,
          nicolae_shop_hallway_plus, shop, nicolae_shop_behind_doors,
          nicolae_shop_gaudy_bauble, nicolae_shop_window_shopping,
          shapermc_ecumenical_altar_hornbeckon
D:2:      layout_basic, uniq_sigmund

Action                     || total
---------------------------++-------
  Melee: Flail             ||     4
 Armour: Scale mail        ||     3
  Dodge: Dodged            ||     3
  Block: Buckler           ||     2

Table legend: (Time is in decaauts)
 A = Elapsed time spent in this place.
 B = Non-inter-level travel time spent in this place.
 C = Inter-level travel time spent in this place.
 D = Time resting spent in this place.
 E = Time spent auto-exploring this place.
 F = Levels seen in this place.
 G = Mean time per level.
                   A        B        C        D        E       F      G
               +--------+--------+--------+--------+--------+-----+--------+
         Total |    169 |    169 |      0 |      0 |    114 |   2 |   84.5 |
       Dungeon |    169 |    169 |      0 |      0 |    114 |   2 |   84.5 |
               +--------+--------+--------+--------+--------+-----+--------+

Top non-repeatable levels by time:
     D:1: 101 daAuts
     D:2: 67 daAuts
